 Dungeon Crawl Stone Soup version 0.32-a0-120-gfac0567ad4 (webtiles) character file.

Game seed: 5405092951123442208

63 zeratav the Trooper (level 4, -1/49 HPs)
             Began as an Oni Warper on Feb 6, 2024.
             Slain by a kobold
             ... wielding a +0 short sword
              (3 damage)
             ... on level 2 of the Dungeon.
             The game lasted 00:03:27 (1198 turns).

zeratav the Trooper (Oni Warper)                    Turns: 1198, Time: 00:03:28

Health: -1/49      AC:  4    Str: 17    XL:     4   Next: 9%
Magic:  3/7        EV:  9    Int: 17    God:
Gold:   24         SH:  0    Dex:  4    Spells: 5/7 levels left

rFire   x . .        a - +0 mace {mace}
rCold   + + .        (no shield)
rNeg    . . .        o - +1 robe "Hyhapi" {rElec Int+3 Dex-4 SInv}
rPois   .            (helmet restricted)
rElec   +            (no cloak)
rCorr   .            (gloves unavailable)
SInv    +            (boots unavailable)
Will    .....        (no amulet)
Stlth   +            l - ring of ice
HPRegen 0.28/turn    r - ring of protection from cold
MPRegen 0.10/turn

%: no passive effects
@: about to teleport, on blink cooldown, very slightly contaminated
A: large, unfitting armour, horns 1, tough skin 1, double potion healing,
drunken brawling
a: no special abilities


You were on level 2 of the Dungeon.
You visited 1 branch of the dungeon, and saw 2 of its levels.

You collected 52 gold pieces.
You spent 28 gold pieces at shops.


Innate Abilities, Weirdness & Mutations

You are too large for most types of armour.
You have a pair of small horns on your head.
You have tough skin. (AC +1)
You gain doubled healing and magic from potions.
Whenever you drink a healing potion, you attack all around you.


   Skills:
 + Level 4.4 Fighting
 + Level 3.3 Maces & Flails
 - Level 1.0 Throwing
 - Level 2.1 Dodging
 - Level 2.4 Spellcasting
 - Level 2.6 Translocations


You had 5 spell levels left.
You knew the following spells:

 Your Spells              Type           Power      Damage    Failure   Level
a - Blink                 Tloc           22%        N/A       10%         2

Your spell library contained the following spells:

 Spells                   Type           Power      Damage    Failure   Level
 Lesser Beckoning         Tloc           22%        N/A       10%         2
 Teleport Other           Tloc           11%        N/A       19%         3
 Manifold Assault         Tloc           11%        N/A       52%         4
 Vhi's Electric Charge    Tloc/Air       12%        N/A       71%         4

Inventory:

Hand Weapons
 a - a +0 mace (weapon) {mace}
 i - a +1 dagger of venom {short}
   (You took it off a goblin on level 1 of the Dungeon)
Missiles
 d - 7 darts of dispersal (quivered) {=fthrowing}
 q - 5 poisoned darts {throwing}
Armour
 b - a +0 robe
 o - the +1 robe "Hyhapi" (worn) {rElec Int+3 Dex-4 SInv}
   (You found it on level 2 of the Dungeon)

   Int+3:     It affects your intelligence (+3).
   Dex-4:     It affects your dexterity (-4).
   rElec:     It insulates you from electricity.
   SInv:      It lets you see invisible.
Jewellery
 l - a ring of ice (left hand)
   (You found it on level 1 of the Dungeon)
 r - a ring of protection from cold (right hand)
   (You found it on level 2 of the Dungeon)
Scrolls
 c - a scroll of blinking {!r}
 e - a scroll of teleportation {@r4}
 f - a scroll of silence {unknown}
 g - a scroll of fog {unknown}
 h - a scroll of enchant armour {unknown}
 m - a scroll of immolation {unknown}
 p - a scroll of poison {unknown}
Potions
 j - 2 potions of haste {@q3}
 k - a potion of mutation {!q}
 n - a potion of heal wounds {unknown}

Dungeon Overview and Level Annotations

Branches:
Dungeon (2/15) Zot: 10776

Altars:

Shops:
D:1 ?

Annotations:
D:1 exclusion: 2 downstairs
D:2 Sigmund, Terence

##.....#
##......###
######..........
.......<.#
.###...........#
###
#.@..#####....#...#
#.......... ......
#.JK.# ####.#
#.@..# ......
#...### ..###.
.>..... ##
#.#...... #
...>....... #
.......!.... .
#..?......... ..
#............. ..(
#


You could see Terence, an endoplasm and a kobold.


Message History

Your hp is fully restored (39).
r - a ring of protection from cold (left hand)
You remove your ring of protection from cold.
You aren't wearing any rings or amulets.
You feel more attuned to ice.
l - a ring of ice (left hand)
r - a ring of protection from cold (right hand)
You are not religious.
You climb downwards.
Level annotation: Sigmund, Terence The endoplasm quivers.
Terence closely misses you. The adder barely misses you.
Terence hits you with a +3 short sword of freezing.
The adder misses you.
There is a stone staircase leading up, spattered with blood here.
HP[-5]
You take 5 damage, and now have 34/39 hp.
You sock the adder! Your headbutt misses the adder.
The adder bites you but does no damage.
Terence hits you with a +3 short sword of freezing.
HP[-3]
You take 3 damage, and now have 31/39 hp.
You hit the adder. The adder barely misses you.
Terence hits you with a +3 short sword of freezing.
The adder bites you but does no damage.
HP[-3]
You take 3 damage, and now have 28/39 hp.
You completely miss the adder.
Terence hits you with a +3 short sword of freezing.
The adder closely misses you.
A kobold comes into view. It is wielding a +0 sling.
The adder bites you but does no damage. Terence barely misses you.
HP[-3]
You take 3 damage, and now have 25/39 hp.
You completely miss the adder.
The kobold shouts!
Your headbutt misses the adder. The adder bites you but does no damage.
The endoplasm barely misses you. Terence barely misses you.
You miss the adder. The adder bites you but does no damage.
Terence completely misses you. The endoplasm freezes you.
You are frozen.
You resist. The adder bites you but does no damage.
HP[-1]
You take 1 damage, and now have 24/39 hp.
You closely miss the adder. The adder bites you.
Terence hits you with a +3 short sword of freezing.
* * * LOW HITPOINT WARNING * * *
The endoplasm hits you.
* * * LOW HITPOINT WARNING * * *
The adder closely misses you.
HP[-8]
You take 8 damage, and now have 16/39 hp.
MASSIVE DAMAGE!! (PAUSE)
You barely miss the adder. You headbutt the adder.
You kill the adder!
Terence hits you with a +3 short sword of freezing.
* * * LOW HITPOINT WARNING * * *
Terence freezes you.
* * * LOW HITPOINT WARNING * * *
The endoplasm freezes you.
You are frozen.
You resist.
Terence hits you with a +3 short sword of freezing.
* * * LOW HITPOINT WARNING * * *
The endoplasm barely misses you.
You have reached level 4!
HP[-11] MP[+1]
You now have 49 max hp (+10).
You take 11 damage, and now have 5/49 hp.
MASSIVE DAMAGE!! (PAUSE)
Your mp is fully restored (7).
Casting: Blink (safe; 10% risk of failure)
Confirm with . or Enter, or press ? or * to list all spells.
You miscast Blink.
You are very lightly contaminated with residual magic.
Nothing appears to happen.
Terence hits you with a +3 short sword of freezing.
* * * LOW HITPOINT WARNING * * *
The endoplasm hits you.
* * * LOW HITPOINT WARNING * * *
The kobold unwields a +0 sling.
The kobold wields a +0 short sword.
The kobold hits you but does no damage.
HP[-4] MP[-2]
You take 4 damage, and now have 1/49 hp.
You lost 2 mp, and now have 5/7 mp.
Casting: Blink (safe; 10% risk of failure)
Confirm with . or Enter, or press ? or * to list all spells.
You blink.
Found a fizzy red potion and a scroll of identify.
Found two stone staircases leading down.
HP[+1] MP[-2]
You lost 2 mp, and now have 3/7 mp.
As you read the scroll of teleportation {@r4}, it crumbles to dust.
You feel strangely unstable.
Casting: Blink (safe; 10% risk of failure)
Confirm with . or Enter, or press ? or * to list all spells.
You are still too unstable to blink.
Unknown command.
The kobold attacks as it pursues you!
The kobold hits you with a +0 short sword.
You die...

Skill      XL: |  1  2  3 |
---------------+----------+-----
Fighting       | 3 4 |  4.4
Maces & Flails | 3 |  3.3
Throwing       | |  1.0
Dodging        | |  2.1
Spellcasting   | |  2.4
Translocations | |  2.6

Action                     |  1- 3 |  4- 6 || total
---------------------------+-------+-------++-------
  Melee: Mace              |    89 |       ||    89
         Headbutt          |     8 |       ||     8
   Cast: Blink             |       |     1 ||     1
    Use: Scroll            |     3 |     1 ||     4
 Armour: Robe              |    80 |     4 ||    84
  Dodge: Dodged            |    60 |       ||    60

Levels and vault maps discovered:
D:1:      dpeg_arrival_tiny_a, layout_basic,
          hellmonk_ecumenical_altar_pennies_from_heaven, serial_shops, shop
D:2:      layout_rooms, minmay_heptomino_d4, uniq_sigmund, uniq_terence

Notes
Turn   | Place    | Note
-------+----------+-------------------------------------------
     0 | D:1      | zeratav the Oni Warper began the quest for the Orb.
     0 | D:1      | Reached XP level 1. HP: 22/22 MP: 3/3
     0 | D:1      | magus.rc [v1.9.6]
   110 | D:1      | Reached skill level 3 in Fighting
   171 | D:1      | Reached XP level 2. HP: 31/31 MP: 5/5
   446 | D:1      | Found Gafac's Magic Scroll Boutique.
   453 | D:1      | Bought a scroll of identify for 28 gold pieces
   516 | D:1      | Learned a level 2 spell: Blink
   560 | D:1      | Found a faded altar of an unknown god.
   755 | D:2      | Identified the +1 robe "Hyhapi" {rElec Int+3 Dex-4 SInv}
   770 | D:2      | Reached XP level 3. HP: 31/39 MP: 6/6
   778 | D:2      | Reached skill level 4 in Fighting
   886 | D:2      | HP: 5/39 [gnoll/+0 spear (6)]
   888 | D:2      | Reached skill level 3 in Maces & Flails
   888 | D:2      | HP: 2/39 [quokka (1)]
  1071 | D:2      | Noticed Sigmund
  1156 | D:2      | Noticed Terence
  1194 | D:2      | HP: 4/39 [Terence/+3 short sword of freezing (6)]
  1195 | D:2      | Reached XP level 4. HP: 5/49 MP: 7/7
  1195 | D:2      | HP: 1/49 [endoplasm (2)]
  1198 | D:2      | Slain by a kobold

Vanquished Creatures
  A gnoll (D:2)
  2 adders (D:2)
  2 dart slugs (D:1)
  5 endoplasms
  2 goblins
  2 hobgoblins (D:2)
  2 quokkas
  5 bats
  3 frilled lizards (D:1)
  3 kobolds (D:1)
  4 rats (D:1)
31 creatures vanquished.

Table legend:
 A = Non-vault XP
 B = Vault XP
 C = Vault XP percentage of total XP
 D = Non-vault monster count
 E = Vault monster count
 F = Vault count percentage of total count
                 A         B        C        D         E       F
            +---------+---------+-------+---------+---------+-------
      Total |      90 |       0 |   0.0 |      31 |       0 |   0.0
            +---------+---------+-------+---------+---------+-------
        D:1 |      36 |       0 |   0.0 |      21 |       0 |   0.0
        D:2 |      54 |       0 |   0.0 |      10 |       0 |   0.0
            +---------+---------+-------+---------+---------+-------

Skill      XL: |  1  2  3 |
---------------+----------+-----
Fighting       | 3 4 |  4.4
Maces & Flails | 3 |  3.3
Throwing       | |  1.0
Dodging        | |  2.1
Spellcasting   | |  2.4
Translocations | |  2.6

Action                     |  1- 3 |  4- 6 || total
---------------------------+-------+-------++-------
  Melee: Mace              |    89 |       ||    89
         Headbutt          |     8 |       ||     8
   Cast: Blink             |       |     1 ||     1
    Use: Scroll            |     3 |     1 ||     4
 Armour: Robe              |    80 |     4 ||    84
  Dodge: Dodged            |    60 |       ||    60

Illustrated notes

Table legend:
 A = Kills in this place as a percentage of kills in the entire game.
 B = Kills by you in this place as a percentage of kills by you in the entire game.
 C = Kills by friends in this place as a percentage of kills by friends in the entire game.
 D = Other kills in this place as a percentage of other kills in the entire game.
 E = Experience gained in this place as a percentage of experience gained in the entire game.
 F = Experience gained in this place divided by the number of levels of this place that you have seen.
                   A       B       C       D       E      F
               +-------+-------+-------+-------+-------+----------------------
         Total | 100.0 | 100.0 |   N/A |   N/A | 100.0 |  45.0
       Dungeon | 100.0 | 100.0 |   N/A |   N/A | 100.0 |  45.0
               +-------+-------+-------+-------+-------+----------------------

Table legend: (Time is in decaauts)
 A = Elapsed time spent in this place.
 B = Non-inter-level travel time spent in this place.
 C = Inter-level travel time spent in this place.
 D = Time resting spent in this place.
 E = Time spent auto-exploring this place.
 F = Levels seen in this place.
 G = Mean time per level.
                   A        B        C        D        E       F      G
               +--------+--------+--------+--------+--------+-----+--------+
         Total |   1222 |   1120 |    102 |    155 |    686 |   2 |  611.0 |
       Dungeon |   1222 |   1120 |    102 |    155 |    686 |   2 |  611.0 |
               +--------+--------+--------+--------+--------+-----+--------+

Top non-repeatable levels by time:
     D:1: 853 daAuts
     D:2: 369 daAuts
